 Dungeon Crawl Stone Soup version 0.22.1-1-ga44c0e56f4 (webtiles) character file.

71 Gargoyl the Skirmisher (level 4, -1/38 HPs)
             Began as a Centaur Abyssal Knight on Oct 11, 2018.
             Was a Believer of Lugonu.
             Engulfed by a cloud of flame (14 damage)
             ... on level 2 of the Dungeon.
             The game lasted 00:05:04 (2301 turns).

Gargoyl the Skirmisher (Centaur Abyssal Knight)     Turns: 2301, Time: 00:05:04

Health: -1/38      AC: 10    Str: 14    XL:     4   Next: 5%
Magic:  6/6        EV:  2    Int: 11    God:    Lugonu [**....]
Gold:   191        SH:  0    Dex: 10    Spells: 3/3 levels left

rFire    . . .     SeeInvis .   a - +1 hand axe
rCold    . . .     Gourm    .   (no shield)
rNeg     . . .     Faith    .   d - +0 plate armour
rPois    .         Spirit   .   (no helmet)
rElec    .         Reflect  .   l - +0 cloak
rCorr    .         Harm     .   (no gloves)
MR       .....                  (no barding)
Stlth    ..........             (no amulet)
HPRegen  0.12/turn              (no ring)
MPRegen  0.10/turn              (no ring)

@: very quick
A: large, hooves 3, deformed body, speed 2, tough skin 3
a: Depart the Abyss, Bend Space, Renounce Religion


You were on level 2 of the Dungeon.
You worshipped Lugonu.
Lugonu was pleased with you.
You were hungry.

You visited 1 branch of the dungeon, and saw 2 of its levels.
You visited the Abyss 1 time.

You collected 191 gold pieces.

Inventory:

Hand Weapons
 a - a +1 hand axe (weapon)
Armour
 d - a +0 plate armour (worn)
 l - a +0 cloak (worn)
Scrolls
 f - 3 scrolls of enchant weapon {unknown}
 g - a scroll of magic mapping {unknown}
 h - 2 scrolls of identify {unknown}
 k - a scroll of fear {unknown}
 m - 2 scrolls of amnesia {unknown}
 o - a scroll of random uselessness {unknown}
 q - a scroll of remove curse {unknown}
 r - a scroll of teleportation {unknown}
Potions
 b - a potion of mutation {unknown}
 e - a potion of agility {unknown}
 i - a potion of curing {unknown}
 j - 2 potions of brilliance {unknown}
 n - a potion of might {unknown}
Comestibles
 c - 3 rations


   Skills:
 + Level 3.5 Fighting
 + Level 2.2 Axes
 * Level 2.1 Armour
 + Level 0.9 Dodging
 * Level 2.8 Invocations


You had 3 spell levels left.
You didn't know any spells.
Your spell library was empty.

Dungeon Overview and Level Annotations

Branches:
Dungeon (2/15)

Altars:
Wu Jian

Annotations:
D:2 1 runed door


Innate Abilities, Weirdness & Mutations

You have hooves in place of feet.
Armour fits poorly on your strangely shaped body.
You cover ground very quickly.
You have extremely tough skin. (AC +3)


Message History

You are engulfed in blazing flames.
You are engulfed in blazing flames.
You are engulfed in blazing flames.
* * * LOW HITPOINT WARNING * * *
You now have 180 gold pieces (gained 16).
You see here a flail.
You now have 191 gold pieces (gained 11).
q - a scroll labeled DIMEYT BIZXI
r - a scroll labeled LUPLOL VYOLEBB You start resting.
Some of the chunks of flesh in your inventory have rotted away.
All of the chunks of flesh in your inventory have rotted away.
You are feeling hungry.
You start resting.
HP restored.
Really walk into a travel-excluded area?
You are engulfed in blazing flames.
You are engulfed in blazing flames.
You are engulfed in blazing flames.
You die...

#.# #.§§# #.#
#.#######...#####.#
#......§...[.§§§..#
####.§§§.)...§§§..#
#.§§§......§§.##
######...######
#§§§# #§§§# #@§§#
#...# ...## ##.##
#.# #.# #.# #.#


There were no monsters in sight!

Vanquished Creatures
  2 adders (D:2)
  A dart slug (D:1)
  6 bats
  2 giant cockroaches (D:1)
  5 goblins
  11 hobgoblins
  2 jackals (D:2)
  7 kobolds
  A quokka (D:2)
  A ball python (D:1)
  3 frilled lizards
  4 rats
45 creatures vanquished.

Vanquished Creatures (others)
  2 jackals (D:2)
2 creatures vanquished.

Grand Total: 47 creatures vanquished

Notes
Turn   | Place    | Note
-------+----------+-------------------------------------------
     0 | Abyss:1  | Gargoyl the Centaur Abyssal Knight began the quest for the
                  | Orb.
     0 | Abyss:1  | Reached XP level 1. HP: 19/19 MP: 2/2
    68 | Abyss:2  | Noticed a wraith
   152 | Abyss:2  | Noticed a large abomination
   163 | Abyss:2  | Noticed a smoke demon
   167 | D:1      | Escaped the Abyss
   449 | D:1      | Reached * piety under Lugonu
   449 | D:1      | Reached XP level 2. HP: 26/26 MP: 3/3
   725 | D:1      | You fall through a shaft!
   735 | D:2      | Reached XP level 3. HP: 15/31 MP: 4/4
  1147 | D:2      | Reached ** piety under Lugonu
  1170 | D:2      | Found a runed door.
  1684 | D:2      | Found an ornate altar of the Wu Jian Council.
  1744 | D:2      | Reached XP level 4. HP: 21/38 MP: 6/6
  1989 | D:2      | HP: 1/38 [something (16)]
  2301 | D:2      | Engulfed by a cloud of flame

Skill      XL: |  1  2  3 |
---------------+----------+-----
Axes           | 2 |  2.2
Armour         | 2 |  2.1
Fighting       | |  3.5
Dodging        | |  0.9
Invocations    | |  2.8

Action                   |  1- 3 |  4- 6 || total
-------------------------+-------+-------++-------
Melee: Hand axe          |   147 |     4 ||   151
       Kick              |    25 |     2 ||    27
Invok: Depart the Abyss  |     1 |       ||     1
  Eat: Chunk             |     1 |     2 ||     3
Armor: Plate armour      |   159 |     3 ||   162
Dodge: Dodged            |    10 |       ||    10
